 Dungeon Crawl Stone Soup version 0.28-b1-1-g3c77fb2ed1 (webtiles) character file.

Game seed: 10304097276411363033

98 McKennaii the Conjurer (level 4, -20/33 HPs)
             Began as a Demigod Conjurer on Jan 29, 2022.
             Demolished by an ogre (26 damage)
             ... on level 3 of the Dungeon.
             The game lasted 00:02:11 (3100 turns).

McKennaii the Conjurer (Demigod Conjurer)           Turns: 3100, Time: 00:02:12

Health: -20/33     AC:  3    Str:  8    XL:     4   Next: 21%
Magic:  0/10       EV: 12    Int: 24    God:
Gold:   101        SH:  0    Dex: 12    Spells: 0/7 levels left

rFire   . . .      SeeInvis .   (no weapon)
rCold   . . .      Faith    .   (no shield)
rNeg    . . .      Spirit   .   a - +0 robe
rPois   .          Reflect  .   (no helmet)
rElec   .          Harm     .   e - +0 cloak
rCorr   .          Rampage  .   (no gloves)
Will    .....                   (no boots)
Stlth   ++........              (no amulet)
HPRegen 0.11/turn               c - +4 ring of slaying
MPRegen 0.12/turn               (no ring)

@: no status effects
A: high mp 1, forlorn, divine attributes
a: no special abilities


You were on level 3 of the Dungeon.
You visited 1 branch of the dungeon, and saw 4 of its levels.

You collected 101 gold pieces.

Inventory:

Armour
 a - a +0 robe (worn)
 e - a +0 cloak (worn)
Jewellery
 c - a +4 ring of slaying (left hand)
Wands
 k - a wand of flame (9)
Scrolls
 f - a scroll of silence {unknown}
 h - a scroll of identify {unknown}
 i - a scroll of noise {unknown}
 j - a scroll of magic mapping {unknown}
Potions
 b - a potion of invisibility {unknown}
 d - a potion of mutation {unknown}
 g - a potion of brilliance {unknown}


   Skills:
 + Level 0.2 Fighting
 - Level 1.7 Dodging
 - Level 1.7 Stealth
 + Level 2.1 Spellcasting
 * Level 5.1 Conjurations


You couldn't memorise any spells.
You knew the following spells:

 Your Spells              Type           Power      Damage    Failure   Level
a - Magic Dart            Conj           100%       1d8       1%          1
b - Searing Ray           Conj           54%        2d6       2%          2
c - Iskenderun's Mystic   Conj/Tloc      15%        2d5       38%         4

Your spell library contained the following spells:

 Spells                   Type           Power      Damage    Failure   Level
 Dazzling Flash           Conj/Hex       30%        N/A       12%         3
 Fulminant Prism          Conj/Hex       7%         3d7       38%         4


Dungeon Overview and Level Annotations

Branches:
Dungeon (4/15)
 Temple: D:4-7

Shops:
D:2 =*


Innate Abilities, Weirdness & Mutations

You have an increased reservoir of magic. (+10% MP)
You shall have no god before yourself.
Your divine heritage dramatically boosts your attributes as you level up.


Message History

There is a stone staircase leading down here.
You climb downwards.
Found 10 gold pieces.
There is a stone staircase leading up here.
An ogre and a hobgoblin come into view.
Found a scroll labelled UREECA GYPLE.
The ogre shouts!
The hobgoblin shouts!
The magic dart hits the ogre!
The ogre is moderately wounded.
You hear a shout!
There are monsters nearby!
The magic dart hits the ogre.
The ogre is moderately wounded.
An ogre comes into view. It is wielding a +0 giant club.
There are monsters nearby!
The magic dart hits the ogre.
The ogre is moderately wounded.
The ogre hits you with a +0 giant club!!
Ouch! That really hurt!
* * * LOW HITPOINT WARNING * * *
You hear a shout!
There is a stone staircase leading up here.
The ogre closely misses you.
You climb upwards.
There is a stone staircase leading down here.
Casting: Magic Dart (safe; 1% risk of failure)
Confirm with . or Enter, or press ? or * to list all spells.
The spell is extremely dangerous to miscast (38% risk of failure)!
Continue anyway?
You erupt in a blast of force!
The mystic blast hits the ogre.
The ogre is heavily wounded.
Unknown command.
Unknown command.
Casting: Iskenderun's Mystic Blast (extremely dangerous; 38% risk of failure)
Confirm with . or Enter, or press ? or * to list all spells.
The spell is extremely dangerous to miscast (38% risk of failure)!
Continue anyway?
You erupt in a blast of force!
The mystic blast hits the ogre.
The ogre is severely wounded.
The ogre hits you with a +0 giant club!!
Ouch! That really hurt!
You die...

#################################
............................[....
#####.#..###...O@..........######
.(##.###.#################.#
....## ##.######## ##.######
..##.###.........# #........
...)..#...######.########[.######
...###.#..# #.................
.#.# ###..# ########....######
.#.# #..# ######....# .#.# #..#
#.........# ###


You could see an ogre.

Vanquished Creatures
  Robin (D:2)
  3 adders (D:2)
  A worm (D:1)
  5 ball pythons
  4 endoplasms
  2 giant cockroaches
  9 hobgoblins
  4 quokkas
  2 bats (D:2)
  A frilled lizard (D:3)
  14 goblins
  5 kobolds
  2 rats
53 creatures vanquished.

Notes
Turn   | Place    | Note
-------+----------+-------------------------------------------
     0 | D:1      | McKennaii the Demigod Conjurer began the quest for the Orb.
     0 | D:1      | Reached XP level 1. HP: 14/14 MP: 5/5
   425 | D:1      | Reached skill level 4 in Conjurations
   916 | D:1      | Reached XP level 2. HP: 20/20 MP: 4/7
   919 | D:1      | Learned a level 2 spell: Searing Ray
  1674 | D:2      | Found Ufix's Jewellery Boutique.
  1718 | D:2      | Reached XP level 3. HP: 26/26 MP: 2/8
  1805 | D:2      | Found Sisetov's General Store.
  1957 | D:2      | Reached skill level 5 in Conjurations
  2104 | D:2      | Noticed Robin
  2108 | D:2      | Killed Robin
  2111 | D:2      | Reached XP level 4. HP: 33/33 MP: 2/9
  2426 | D:3      | Learned a level 4 spell: Iskenderun's Mystic Blast
  3089 | D:4      | Noticed an ogre
  3091 | D:4      | Noticed an ogre
  3100 | D:3      | Demolished by an ogre

Illustrated notes

Levels and vault maps discovered:
D:1:      co_arrival_random_square_maze, layout_loops_corners,
          shapermc_ecumenical_altar_hornbeckon, chequers_jeans
D:2:      layout_rooms, serial_shops, shop_fountains, shop, uniq_robin
D:3:      layout_loops_ring
D:4:      layout_basic, nicolae_uskayaw_en_pointe,
          nicolae_overflow_hidden_temple, minmay_temple_entry_statues_pillars,
          minmay_manual_macuahuitl

Skill      XL: |  1  2  3 |
---------------+----------+-----
Conjurations   | 4 5 |  5.1
Spellcasting   | 2 |  2.1
Fighting       | |  0.2
Dodging        | |  1.7
Stealth        | |  1.7

Action                   |  1- 3 |  4- 6 || total
-------------------------+-------+-------++-------
Melee: Unarmed           |    16 |       ||    16
 Cast: Magic Dart        |    78 |    23 ||   101
       Searing Ray       |     1 |       ||     1
       Iskenderun's Myst |       |     2 ||     2
Armor: Robe              |     2 |       ||     2
Dodge: Dodged            |    10 |     2 ||    12
